 BcadrenCrawl: Boulder Brew version 0.04 (webtiles) character file.

Game seed: 6139606049386277799, levelgen mode: deterministic

15502 Chiseanne the Nimble (level 12, -15/136 HPs) Goblin Demonspawn. Began on Mar 20, 2021. Was an Initiate of Gozag Ym Sagoz. Demolished by a guardian mummy ... wielding a cursed +1 mace of draining {(Curse: Fragile)} (18 damage) ... on level 7 of the Dungeon. The game lasted 00:30:05 (8625 turns).

Chiseanne the Nimble (Goblin Demonspawn)            Turns: 8625, Time: 00:30:06

Health: -15/136    AC: 17    Str: 13    XL:     12 ^: 4748
Magic:  0/22       EV: 20    Int:  6    God:    Gozag Ym Sagoz
Gold:   1698       SH:  0    Dex:  6    Spells: 29/30 levels left

rFire    + + +     Vision   .   v - +8 flail (venom)
rCold    . . .     Gourm    .   a - +1 long sword (freeze)
rNeg     . . .     Faith    .   m - +4 ring mail {rF+}
rPois    +         Spirit   +   (no helmet)
rElec    +         Reflect  .   (no cloak)
rCorr    .         Harm     .   u - +2 pair of gloves
MR       .....                  j - +0 pair of boots
Stlth    ..........             r - amulet of guardian spirit
HPRegen  0.55/turn              b - ring "Wusk" {rElec rF+ EV+5, (Curse: MR-)} (curse)
MPRegen  0.32/turn              n - ring of poison resistance

@: berserking, very heavily drained, very quick
A: small, stagnant stats, goblin's greed, hooves 1, icy blue scales 1, fire
resistance 1, low mp 1, mutation resistance 1, powered by pain 1, flame cloud
immunity, god's pity 2
a: Potion Petition, Call Merchant, Bribe Branch, Renounce Religion


You were on level 7 of the Dungeon.
You worshipped Gozag Ym Sagoz.
Gozag Ym Sagoz was most pleased with you.
You were full.

You visited 2 branches of the dungeon, and saw 8 of its levels.

You collected 3508 gold pieces.
You spent 156 gold pieces at shops.
You paid 2356 gold pieces to Gozag.

Inventory:

Weapons
 a - a +1 long sword of freezing (weapon)
 f - the +3 cleaver of Bankruptcy {chaos, -Vis +Blink rF+ MR+}
   (You found it on level 5 of the Dungeon)

   Each time it hits an enemy it has a different, random effect.
   It protects you from fire.
   It affects your resistance to hostile enchantments.
   It blurs your vision.
   It lets you blink.
 v - a +8 flail of venom (weapon)
 x - a +5 dagger Shields
 p - a cursed +5 heater shield of positive energy {(Curse: Slay-5)}
Armour
 j - a +0 pair of boots (worn)
 m - a +4 ring mail of fire resistance (worn)
 u - a +2 pair of gloves (worn)
Jewellery
 b - the cursed ring "Wusk" (left hand) {rElec rF+ EV+5, (Curse: MR-)}
   (You took it off a kobold on level 2 of the Dungeon)

   [ring of evasion]

   It affects your evasion (+5).
   It protects you from fire.
   It insulates you from electricity.
   It has a curse placed upon it.
   { (Curse: MR-)}
 k - an uncursed ring of ice
 n - a ring of poison resistance (right hand)
 r - an amulet of guardian spirit (around neck)
 w - an uncursed ring of positive energy
 y - an uncursed ring of intelligence
 F - a cursed ring of protection {(Curse: -Vis)}
Wands
 o - a wand of polymorph (2)
 q - a wand of flame
 A - a wand of ensnaring (9)
 B - a wand of acid
 E - a wand of random effects (8)
Scrolls
 e - a scroll of teleportation
 g - a scroll of amnesia
 l - a scroll of blinking
 G - a scroll of holy word
 H - a scroll of silence
Potions
 c - a potion of berserk rage
 h - a potion of brilliance
 i - 2 potions of mutation
 t - 2 potions of cancellation
 z - 2 potions of curing
 D - a potion of lignification
Comestibles
 d - 11 rations


   Skills:
 * Level 12.1(8.2) Fighting
 - Level 2.6(0.0) Long Blades
 * Level 11.6(7.8) Armour
 * Level 12.5(8.6) Dodging
 - Level 2.6(0.0) Stealth
 * Level 9.9(6.3) Spellcasting
 - Level 2.6(0.0) Fire Magic
   Level 4.0(0.9) Invocations


You had 29 spell levels left.
You knew the following spells:

 Your Spells              Type           Power        Failure   Level  Hunger
a - Flame Tongue          Fire           1 (30)       36%         1    #......

Your spell library contained the following spells:

 Spells                   Type           Power        Failure   Level  Hunger
 Summon Butterflies       Summ           1 (100)      36%         1    #......
 Blink                    Tloc           N/A          50%         2    ###....
 Call Imp                 Summ           1 (100)      50%         2    ###....
 Slow                     Hex            1 (100)      50%         2    ###....
 Apportation              Tloc           1 (50)       73%         3    ###....
 Conjure Flame            Fire           1 (100)      73%         3    ###....
 Mephitic Cloud           Pois/Air       1 (100)      73%         3    ###....
 Tukima's Dance           Hex            1 (100)      73%         3    ###....
 Invisibility             Chrm           1 (100)      100%        6    #######


Dungeon Overview and Level Annotations

Branches:
Dungeon (7/8)              Temple (1/1) D:4            Lair (0/6) D:5
    Orc (0/2) D:6
 Vaults: D:7

Altars:
Ashenzari
Cheibriados
Dithmenos
Elyvilon
Gozag Ym Sagoz
Kikubaaqudgha
Nemelex Xobeh
Okawaru
Qazlal
Vehumet
Wu Jian
Xom
Yredelemnul
The Shining One

Shops:
D:5 :   D:6 [**   D:7 **

Annotations:
D:5 2 runed translucent doors, Crazy Yiuf; Lanoc's ghost, journeyman VSDs
D:7 3 runed translucent doors, exclusions: door and obsidian statue, t4s4d4r's ghost, journeyman DrNo


Innate Abilities, Weirdness & Mutations

Your stats never grow through leveling.
Your goblin ancestry allows you to find more gold. (+20%)
You are small and have problems with some larger weapons.
You have large cloven feet.
You are partially covered in icy blue scales. (AC +2)
You are heat resistant. (rF+)
Your magical capacity is low. (-10% MP)
You are somewhat resistant to further mutation.
You sometimes gain a little power by taking damage.
You are immune to clouds of flame.
The pity of the gods increases the power of your passive and invoked divine abilities.


Message History

You feel yourself moving faster!
You feel mighty!
The guardian mummy hits you with a cursed +1 mace of draining {(Curse: Fragile)} (22)!!
* * * LOW HITPOINT WARNING * * *
You feel drained.
* * * LOW HITPOINT WARNING * * *
You hit the guardian mummy (4). The guardian mummy blocks your attack.
The guardian mummy hits you with a cursed +1 mace of draining {(Curse: Fragile)} (5).
* * * LOW HITPOINT WARNING * * *
You feel drained.
* * * LOW HITPOINT WARNING * * *
The guardian mummy blocks your attack.
You slash the guardian mummy (12)! You freeze the guardian mummy (2).
The guardian mummy hits you with a cursed +1 mace of draining {(Curse: Fragile)} (16)!
* * * LOW HITPOINT WARNING * * *
You feel drained.
* * * LOW HITPOINT WARNING * * *
The guardian mummy blocks your attack. x2
The guardian mummy hits you with a cursed +1 mace of draining {(Curse: Fragile)} (19)!!
You die...
Your body crumbles into a pile of gold.

$ $ ### .. .$ $
# #####.#### .#
$ .#.#
......... 8# $
.......
........ .##
#.##.#..###...#
..##
........M@....#
...#
#..#....###...#
#..#
#..#.#........#
...# #..#
#.####.#.# ##.#
#..# #.# #.#.#
.# ##.#####..#
#.# #.#.# #.#
##........# #.#
#.#.# #.#
...######.# #.#
#.#.# #.# ####
#.###.####.#.#
#.#


You could see a guardian mummy.

Vanquished Creatures
  Harold (D:5)
  A boulder beetle (D:7)
  4 two-headed ogres
  An unseen horror (D:6)
  A tengu warrior (D:7)
  A wizard (D:7)
  4 centaur warriors
  An ugly thing (D:6)
  A troll (D:6)
  A merfolk (D:5)
  A vampire (D:7)
  2 hippogriffs
  Grum (D:5)
  3 yaks (D:5)
  4 war dogs
  5 acid dragons
  2 hungry ghosts (D:6)
  A guardian mummy (D:7)
  A slime creature (D:6)
  A redback (D:7)
  A spectral cyclops (D:7)
  A phantom (D:5)
  A water moccasin (D:6)
  4 orc warriors (D:6)
  2 scorpions
  2 porcupines (D:4)
  A sky beast (D:7)
  2 ice beasts
  3 ogres
  A crocodile (D:6)
  3 big kobolds
  A redback simulacrum (D:7)
  6 bullfrogs
  A centaur (D:6)
  7 harpy skeletons
  A howler monkey (D:5)
  A killer bee (D:6)
  A quasit (D:4)
  9 wights
  4 electric eels (D:6)
  A crimson imp (D:4)
  2 orc priests
  4 hounds
  5 jellies
  2 iguanas (D:5)
  8 orc wizards
  A wyvern zombie (D:4)
  7 worker ants
  6 wyvern skeletons
  6 giant cockroaches
  2 bullfrog zombies
  3 bullfrog skeletons
  A shadow imp (D:4)
  8 adders
  7 sewer rats (D:2)
  3 white imps
  5 cinder newts
  2 worms (D:2)
  A worm (shapeshifter) (D:5)
  A hound zombie (D:4)
  2 oozes
  A hound skeleton (D:5)
  2 dart slugs (D:1)
  3 leopard geckos
  36 orcs
  An adder skeleton (D:5)
  An adder zombie (D:5)
  2 ball pythons
  4 bats (D:1)
  2 hobgoblins (D:1)
  16 jackals
  4 quokkas
  2 bat skeletons (D:2)
  A goblin skeleton (D:2)
  14 kobolds
  An orc skeleton (D:2)
  A quokka skeleton (D:2)
  A butterfly (D:6)
  A fungus (D:5)
259 creatures vanquished.

Vanquished Creatures (others)
  An eye of draining (D:7)
  A harpy skeleton (D:7)
  An orc priest (D:2)
  A jelly (D:2)
  A hornet simulacrum (D:7)
  A giant cockroach (D:2)
  A sewer rat (D:2)
  A bat skeleton (D:2)
  3 rainbow trout (D:5)
  A slimehead (D:2)
  92 withered plants (D:2)
104 creatures vanquished.

Grand Total: 363 creatures vanquished

Notes
Turn   | Place    | Note
-------+----------+-------------------------------------------
     0 | D:1      | Chiseanne the Goblin Demonspawn began the quest for the
                  | Orb.
     0 | D:1      | Reached XP level 1. HP: 13/13 MP: 2/2
   131 | D:1      | Gained mutation: You sometimes gain a little power by
                  | taking damage. [demonic ancestry]
   131 | D:1      | Reached XP level 2. HP: 19/19 MP: 3/3
   341 | D:1      | Gained mutation: You are partially covered in icy blue
                  | scales. (AC +2) [demonic ancestry]
   341 | D:1      | Reached XP level 3. HP: 22/25 MP: 4/4
   630 | D:1      | Reached skill level 5 in Dodging
   630 | D:1      | Gained mutation: You have large cloven feet. [demonic
                  | ancestry]
   630 | D:1      | Reached XP level 4. HP: 31/31 MP: 5/5
   826 | D:2      | Reached skill level 1 in Armour
   858 | D:2      | Noticed a big kobold
   862 | D:2      | Gained mutation: You are heat resistant. (rF+) [demonic
                  | ancestry]
   862 | D:2      | Reached XP level 5. HP: 37/37 MP: 6/6
   875 | D:2      | HP: 1/37 [big kobold (4)]
   969 | D:2      | Identified the cursed ring "Wusk" {rElec rF+ EV+5, (Curse:
                  | MR-)}
   979 | D:2      | Reached XP level 6. HP: 23/44 MP: 7/7
  1385 | D:2      | Gained mutation: You are occasionally teleported next to
                  | monsters. [potion of mutation]
  1386 | D:2      | Lost mutation: You are occasionally teleported next to
                  | monsters. [potion of mutation]
  1405 | D:2      | Reached skill level 5 in Fighting
  1465 | D:2      | Reached XP level 7. HP: 42/50 MP: 8/8
  1925 | D:2      | Reached XP level 8. HP: 30/57 MP: 8/8
  2217 | D:3      | Reached skill level 5 in Armour
  2856 | D:4      | Reached XP level 9. HP: 64/64 MP: 10/11
  2888 | D:4      | Found a staircase to the Ecumenical Temple.
  2936 | D:4      | Identified the cursed amulet "Xexiyc" {Harm *Drain +Blink
                  | rPois Int+3 Stlth-, (Curse: *Tele Fragile rC-)}
  2973 | Temple   | Entered the Ecumenical Temple
  3019 | Temple   | Became a worshipper of Gozag Ym Sagoz the Greedy
  3740 | D:5      | Entered Level 5 of the Dungeon
  3753 | D:5      | Noticed Harold
  3780 | D:5      | Killed Harold
  3780 | D:5      | Reached skill level 5 in Spellcasting
  3780 | D:5      | Gained mutation: You are immune to clouds of flame.
                  | [demonic ancestry]
  3780 | D:5      | Reached XP level 10. HP: 25/73 MP: 6/15
  3789 | D:5      | HP: 3/73 [poisoned by Harold]
  3794 | D:4      | HP: 1/73 [poisoned by Harold]
  3801 | D:4      | HP: 2/73 [poisoned by Harold]
  3806 | D:4      | HP: 2/73 [poisoned by Harold]
  4051 | D:5      | Found a staircase to the Lair.
  4094 | D:5      | Found Matirhupt's Book Emporium.
  4195 | D:5      | Found a shimmering altar of Xom.
  4195 | D:5      | Found a runed translucent door.
  4195 | D:5      | Noticed Lanoc's ghost (journeyman VSDs)
  4195 | D:5      | Noticed a mace of chaos
  4250 | D:5      | Noticed Grum
  4392 | D:5      | Killed Grum
  4392 | D:5      | Reached skill level 10 in Dodging
  4517 | D:5      | Found a runed translucent door.
  4517 | D:5      | Noticed Crazy Yiuf
  4518 | D:5      | Identified the cursed +1 hammer of Power {acid, Int+4,
                  | (Curse: MR-)}
  4757 | D:5      | Identified the +3 cleaver of Bankruptcy {chaos, -Vis +Blink
                  | rF+ MR+}
  5031 | D:6      | Noticed a two-headed ogre
  5041 | D:6      | Killed a two-headed ogre
  5041 | D:6      | Reached skill level 10 in Fighting
  5041 | D:6      | Reached XP level 11. HP: 52/81 MP: 11/18
  5475 | D:6      | Noticed a two-headed ogre
  5487 | D:6      | Killed a two-headed ogre
  5487 | D:6      | Reached skill level 10 in Armour
  5493 | D:6      | HP: 3/82 [troll (11)]
  5962 | D:6      | Killed an unseen horror
  6296 | D:6      | Noticed a two-headed ogre
  6300 | D:6      | Killed a two-headed ogre
  6405 | D:6      | Noticed a centaur warrior
  6428 | D:6      | Killed a centaur warrior
  6896 | D:6      | Found a staircase to the Orcish Mines.
  7119 | D:6      | Bought a scroll labeled SOCKAYPPOU for 26 gold pieces
  7119 | D:6      | Bought a scroll labeled CAOKHL QIYCZETZ for 26 gold pieces
  7119 | D:6      | Bought a scroll labeled KACWE PYALEX for 26 gold pieces
  7119 | D:6      | Bought a potion of curing for 78 gold pieces
  7121 | D:6      | Identified the ring of Hayro {rN++ EV+5} (You acquired it
                  | on level 6 of the Dungeon)
  7121 | D:6      | Identified Emucres's Grimoire of Earthen Creation (You
                  | acquired it on level 6 of the Dungeon)
  7121 | D:6      | Identified the +1 broad axe of the Maze {pain, rElec Int+6
                  | Dex-5} (You acquired it on level 6 of the Dungeon)
  7134 | D:7      | Noticed a centaur warrior
  7160 | D:7      | Reached XP level 12. HP: 25/90 MP: 4/21
  7391 | D:7      | Found Ydghulo's Assorted Antiques.
  7393 | D:7      | Noticed a vampire knight
  7393 | D:7      | Noticed t4s4d4r's ghost (journeyman DrNo)
  7394 | D:7      | Noticed a fire dragon
  7397 | D:7      | Found Elakkica's Assorted Antiques.
  7397 | D:7      | Found an opulent altar of Gozag.
  7400 | D:7      | Found a runed translucent gate.
  7400 | D:7      | Found a runed translucent gate.
  7400 | D:7      | Found a runed translucent gate.
  7974 | D:7      | Noticed a boulder beetle
  8068 | D:7      | Killed a boulder beetle
  8624 | D:7      | HP: 2/136 [guardian mummy/cursed +1 mace of draining
                  | {(Curse: Fragile)} (6)]
  8625 | D:7      | Demolished by a guardian mummy

Levels and vault maps discovered:
D:1:      lemuel_arrival_behind_the_door_small, layout_loops_cross
D:2:      layout_sewer, elyvilon_niche, first_ration
D:3:      layout_cave_pools
D:4:      layout_basic, minmay_temple_entry_statues_fountains
D:5:      layout_roguey, dpeg_oklobed_lair, ebering_ghost_xom, serial_shops,
          shop, hangedman_fish_farm, uniq_grum, uniq_crazy_yiuf_cottage,
          uniq_harold
D:6:      layout_loops_corners, erik_orc_2
D:7:      ossuary_due_small_catacomb, layout_basic, david_vaults_1,
          kennysheep_boxes, ebering_ghost_gozag, enter_ossuary_4
Temple:   nicolae_temple_the_god_donut

Skill      XL: |  1  2  3  4  5  6  7  8  9 10 11 12 |
---------------+-------------------------------------+-----
Fighting       | 2 3 4 5 6 7 8 10 11 12 | 12.1
Dodging        | 5 6 7 8 9 10 11 12 | 12.5
Armour         | 1 2 3 4 6 7 9 10 11 | 11.6
Spellcasting   | 3 5 7 9 |  9.9
Long Blades    | |  2.6
Stealth        | |  2.6
Fire Magic     | |  2.6
Invocations    | |  4.0

Action                   |  1- 3 |  4- 6 |  7- 9 | 10-12 || total
-------------------------+-------+-------+-------+-------++-------
Melee: Long sword        |    27 |    83 |   220 |   312 ||   642
       Unarmed           |    15 |       |       |       ||    15
       Mace              |     7 |    68 |    98 |       ||   173
       Kick              |       |     6 |    20 |    29 ||    55
       Flail             |       |       |    89 |   287 ||   376
Invok: Call Merchant     |       |       |       |     3 ||     3
Evoke: Wand              |       |       |     5 |    19 ||    24
       Sack of spiders   |       |       |     3 |       ||     3
  Use: Potion            |       |     5 |     2 |     7 ||    14
       Scroll            |       |       |     1 |    11 ||    12
 Stab: Sleeping          |     2 |       |       |       ||     2
       Distracted        |       |       |       |     3 ||     3
       Held in net/web   |       |       |       |     3 ||     3
  Eat: Chunk             |       |     3 |     7 |       ||    10
       Ration            |       |       |     2 |     8 ||    10
Armor: Leather armour    |     8 |       |       |       ||     8
       Ring mail         |       |    90 |   160 |   218 ||   468
Dodge: Dodged            |    38 |   178 |   606 |   632 ||  1454
       Rpst.: Long sword |    10 |    66 |   150 |   163 ||   389
